 Dungeon Crawl Stone Soup version 0.31-a0-1074-g0b22e4e0f1 (webtiles) character file.

Game seed: 11593405640617877744

6423 Forgeling the Grappler (level 10, -11/102 HPs)
             Began as a Troll Berserker on Nov 27, 2023.
             Was an Elder of Trog.
             Mangled by a two-headed ogre
             ... wielding a +0 giant club
              (15 damage)
             ... on level 10 of the Dungeon.
             The game lasted 00:13:12 (6638 turns).

Forgeling the Grappler (Troll Berserker)            Turns: 6638, Time: 00:13:12

Health: -11/102    AC:  5    Str: 33    XL:     10   Next: 67%
Magic:  9/9        EV: 10    Int:  5    God:    Trog [****..]
Gold:   692        SH:  0    Dex: 11    Spells: 9/9 levels left

rFire   . .          .
                       - Unarmed
rCold   . . .        (no shield)
rNeg    . . .        J - +0 troll leather armour
rPois   +            (helmet restricted)
rElec   .            b - scarf {+Inv}
rCorr   .            (gloves unavailable)
SInv    .            (boots unavailable)
Will    .....        (no amulet)
Stlth   +            c - ring of poison resistance
HPRegen 1.97/turn    d - +6 ring of strength
MPRegen 0.11/turn

%: no passive effects
@: no status effects
A: large, unfitting armour, claws 3, regeneration 1, shaggy fur 1, tough skin 1
a: Renounce Religion, Evoke Invisibility, Berserk, Trog's Hand, Brothers in Arms


You were on level 10 of the Dungeon.
You worshipped Trog.
Trog was greatly pleased with you.
You visited 1 branch of the dungeon, and saw 10 of its levels.

You collected 692 gold pieces.

Inventory:

Missiles
 s - 2 darts of dispersal
 t - 9 poisoned darts
 u - 2 throwing nets
 w - 4 javelins
 x - 6 atropa-tipped darts
 E - 4 boomerangs
Armour
 b - a scarf of invisibility (worn)
 J - a +0 troll leather armour (worn)
Jewellery
 c - a ring of poison resistance (left claw)
 d - a +6 ring of strength (right claw)
 z - a +6 ring of dexterity
Talismans
 H - a serpent talisman
 I - a maw talisman
 K - a talisman of death
Wands
 e - a wand of paralysis (17)
 i - a wand of roots (20)
 j - a wand of polymorph (5)
 q - a wand of flame (18)
 y - a wand of mindburst (7)
Scrolls
 a - a scroll of silence {unknown}
 f - 2 scrolls of brand weapon
 h - a scroll of blinking {unknown}
 m - 2 scrolls of teleportation {unknown}
 n - 2 scrolls of enchant weapon {unknown}
 o - 2 scrolls of fear {unknown}
 v - a scroll of poison {unknown}
 B - 2 scrolls of amnesia {unknown}
 D - a scroll of revelation {unknown}
 F - a scroll of noise {unknown}
 G - a scroll of fog {unknown}
 V - a scroll of vulnerability
Potions
 g - 5 potions of curing {unknown}
 k - a potion of invisibility {unknown}
 l - 2 potions of cancellation {unknown}
 p - a potion of mutation {unknown}
 r - a potion of heal wounds {unknown}
 A - a potion of attraction
 C - 2 potions of haste {unknown}
 M - a potion of might


   Skills:
 + Level 7.2 Fighting
 - Level 3.0 Throwing
 - Level 2.4 Dodging
 + Level 12.8 Unarmed Combat
 - Level 4.0 Evocations


You had 9 spell levels left.
You didn't know any spells.
Your spell library was empty.

Dungeon Overview and Level Annotations

Branches:
Dungeon (10/15)            Temple (0/1) D:6
   Lair: D:8-11         Orc: D:9-12

Altars:
Dithmenos
Sif Muna
Xom

Shops:
D:9 :


Innate Abilities, Weirdness & Mutations

You are too large for most types of armour.
You have claws for hands.
Your natural rate of healing is unusually fast.
You are covered in fur. (AC +1)
You have tough skin. (AC +1)


Message History

The poisoned dart closely misses the two-headed ogre.
Throw: 12 darts (poison)
Press: ? - help, Shift-Dir - straight line, f/p - two-headed ogre
Aim: a two-headed ogre, wielding a +0 giant club and a +0 dire flail (lightly wounded, poisoned, 73% to hit)
You throw a poisoned dart.
The poisoned dart hits the two-headed ogre.
The two-headed ogre looks even sicker.
The two-headed ogre is lightly wounded.
Throw: 11 darts (poison)
Press: ? - help, Shift-Dir - straight line, f/p - two-headed ogre
Aim: a two-headed ogre, wielding a +0 giant club and a +0 dire flail (lightly wounded, very poisoned, 73% to hit)
You throw a poisoned dart.
The poisoned dart closely misses the two-headed ogre.
Throw: 10 darts (poison)
Press: ? - help, Shift-Dir - straight line, f/p - two-headed ogre
Aim: a two-headed ogre, wielding a +0 giant club and a +0 dire flail (lightly wounded, very poisoned, 73% to hit)
You throw a poisoned dart.
The poisoned dart hits the two-headed ogre.
The two-headed ogre looks even sicker.
The two-headed ogre is lightly wounded.
You closely miss the two-headed ogre.
The two-headed ogre is lightly wounded.
The two-headed ogre hits you with a +0 giant club!!
The two-headed ogre hits you with a +0 dire flail!
You eviscerate the two-headed ogre!!!
The two-headed ogre is almost dead.
You completely miss the two-headed ogre.
The two-headed ogre is almost dead.
The two-headed ogre hits you with a +0 giant club!!
* * * LOW HITPOINT WARNING * * *
The two-headed ogre hits you with a +0 dire flail!
* * * LOW HITPOINT WARNING * * *
You scratch the two-headed ogre.
The two-headed ogre is almost dead.
You scratch the two-headed ogre but do no damage.
The two-headed ogre is almost dead.
The two-headed ogre hits you with a +0 giant club!!
* * * LOW HITPOINT WARNING * * *
The two-headed ogre hits you with a +0 dire flail!
You die...

####### #.....# #
......#
#.#######.....##
#......##......+
.#.....>##.....# .
(.(.((O@##.....##.
..#......'........
########.....#####+###
#.....##......#
#.............#
#.............#
#.............#
#.............#
#.....####....#


You could see a two-headed ogre (very poisoned).

Vanquished Creatures
  Erica (D:9)
  Amaemon (D:9)
  Pikel (D:9)
  Joseph (D:9)
  An orange demon (D:9)
  A troll (D:9)
  A hornet (D:8)
  Prince Ribbit (D:8)
  2 water moccasins
  Duvessa (D:5)
  An ice beast (D:7)
  A sky beast (D:7)
  3 black bears
  2 orc warriors
  2 centaurs
  A phantom (D:7)
  A kobold brigand (D:9)
  5 bullfrogs
  4 scorpions
  5 wights (D:7)
  Dowan (D:5)
  4 killer bees (D:7)
  5 howler monkeys
  5 hounds
  3 jellies
  A gnoll bouda (D:7)
  5 orc priests
  7 iguanas
  Ijyb (D:3)
  Jessica (D:3)
  2 sleepcaps
  8 orc wizards
  7 adders
  A white imp (D:7)
  3 worms
  2 dart slugs (D:4)
  31 orcs
  2 ball pythons
  4 bats
  7 endoplasms
  6 giant cockroaches
  12 goblins
  9 hobgoblins
  11 jackals
  11 kobolds
  3 quokkas
  3 frilled lizards
  3 rats
194 creatures vanquished.

Notes
Turn   | Place    | Note
-------+----------+-------------------------------------------
     0 | D:1      | Forgeling the Troll Berserker began the quest for the Orb.
     0 | D:1      | Reached XP level 1. HP: 22/22 MP: 0/0
   241 | D:1      | Reached XP level 2. HP: 29/29 MP: 1/1
   658 | D:1      | Reached skill level 4 in Unarmed Combat
   878 | D:2      | Reached XP level 3. HP: 33/36 MP: 2/2
   995 | D:2      | Reached ** piety under Trog
  1034 | D:2      | Reached XP level 4. HP: 44/44 MP: 3/3
  1191 | D:2      | Reached skill level 5 in Unarmed Combat
  1405 | D:3      | Noticed a scorpion
  1409 | D:3      | Killed a scorpion
  1410 | D:3      | Reached XP level 5. HP: 50/50 MP: 4/4
  1465 | D:3      | Noticed Jessica
  1470 | D:3      | Killed Jessica
  1471 | D:3      | Reached skill level 6 in Unarmed Combat
  1556 | D:3      | Noticed Ijyb
  1566 | D:3      | Killed Ijyb
  2093 | D:4      | Reached XP level 6. HP: 59/59 MP: 5/5
  2094 | D:4      | Reached skill level 7 in Unarmed Combat
  2095 | D:4      | Reached *** piety under Trog
  2737 | D:5      | Entered Level 5 of the Dungeon
  2844 | D:5      | Reached XP level 7. HP: 48/67 MP: 6/6
  2881 | D:5      | Noticed Dowan
  2931 | D:5      | Killed Dowan
  2984 | D:5      | Noticed Duvessa
  2992 | D:5      | Killed Duvessa
  2993 | D:5      | Reached skill level 8 in Unarmed Combat
  3052 | D:5      | Found a shimmering altar of Xom.
  3057 | D:5      | Reached **** piety under Trog
  3082 | D:5      | Reached skill level 9 in Unarmed Combat
  3082 | D:5      | Reached XP level 8. HP: 78/78 MP: 7/7
  3773 | D:6      | Found a staircase to the Ecumenical Temple.
  3873 | D:6      | Reached skill level 10 in Unarmed Combat
  4419 | D:7      | Reached skill level 5 in Fighting
  4477 | D:7      | Reached XP level 9. HP: 82/88 MP: 8/8
  4629 | D:7      | Reached skill level 11 in Unarmed Combat
  4949 | D:7      | Found a shadowy altar of Dithmenos.
  4958 | D:7      | Found a shimmering blue altar of Sif Muna.
  5038 | D:8      | Identified the +7 rapier of the Charming Stoat {drain, Fly}
  5144 | D:8      | Reached skill level 12 in Unarmed Combat
  5225 | D:8      | Reached skill level 1 in Evocations
  5298 | D:8      | Reached skill level 1 in Throwing
  5392 | D:8      | Noticed Prince Ribbit
  5398 | D:8      | Killed Prince Ribbit
  5655 | D:9      | Noticed Pikel
  5674 | D:9      | Killed Pikel
  5675 | D:9      | Reached XP level 10. HP: 98/98 MP: 9/9
  5678 | D:9      | Noticed Joseph
  5737 | D:9      | Killed Joseph
  5794 | D:9      | Noticed Erica
  5923 | D:9      | Killed Erica
  6022 | D:9      | Found Vusm's Book Shop.
  6022 | D:9      | Noticed a walking frostbound tome
  6022 | D:9      | Noticed a walking earthen tome
  6069 | D:9      | Noticed an orange demon
  6092 | D:9      | Killed an orange demon
  6267 | D:9      | Noticed Amaemon
  6279 | D:9      | Killed Amaemon
  6570 | D:10     | Entered Level 10 of the Dungeon
  6628 | D:10     | Noticed a two-headed ogre
  6638 | D:10     | HP: 4/102 [two-headed ogre/+0 giant club (34)]
  6638 | D:10     | Mangled by a two-headed ogre

Illustrated notes

Levels and vault maps discovered:
D:1:      minmay_arrival_glassed_features, layout_loops_ring,
          chequers_big_river, kennysheep_decorative_pillar
D:2:      layout_rooms
D:3:      layout_loops_ring, kennysheep_pointless_box, uniq_jessica, uniq_ijyb
D:4:      layout_loops_ring
D:5:      layout_basic, xom_confusion_cloud, uniq_duvessa
D:6:      layout_loops_corners, temple_green
D:7:      layout_loops_ring, mainiacjoe_overflow_swirl, minmay_bent
D:8:      layout_rooms, serial_corexii_hall, corexii_hall_statues_i,
          chequers_hall_statues_wall_a, dreamdust_wishing_well,
          solitary_fountain, uniq_prince_ribbit1
D:9:      layout_loops_ring, serial_shops, nicolae_shop_mannequins, uniq_pikel,
          uniq_erica, uniq_joseph, uniq_amaemon
D:10:     layout_gridville, nicolae_transporter_intersection

Skill      XL: |  1  2  3  4  5  6  7  8  9 10 |
---------------+-------------------------------+-----
Unarmed Combat | 4 5 6 7 9 10 12 | 12.8
Fighting       | 3 4 5 6 7 |  7.2
Evocations     | 3 4 |  4.0
Throwing       | 3 |  3.0
Dodging        | |  2.4

Action                     |  1- 3 |  4- 6 |  7- 9 | 10-12 || total
---------------------------+-------+-------+-------+-------++-------
  Melee: Unarmed           |    73 |   154 |   208 |    63 ||   498
         Punch             |       |     4 |     8 |     2 ||    14
  Throw: Dart              |       |       |     3 |     5 ||     8
 Invoke: Trog's Hand       |       |     1 |       |       ||     1
         Berserk           |       |       |     2 |     4 ||     6
    Use: Scroll            |     1 |     2 |     2 |       ||     5
 Armour: Animal skin       |    36 |    81 |    25 |       ||   142
         Troll leather arm |       |       |    84 |    45 ||   129
  Dodge: Dodged            |    36 |    62 |    87 |    20 ||   205

Table legend: (Time is in decaauts)
 A = Elapsed time spent in this place.
 B = Non-inter-level travel time spent in this place.
 C = Inter-level travel time spent in this place.
 D = Time resting spent in this place.
 E = Time spent auto-exploring this place.
 F = Levels seen in this place.
 G = Mean time per level.
                   A        B        C        D        E       F      G
               +--------+--------+--------+--------+--------+-----+--------+
         Total |   6627 |   6444 |    183 |    255 |   4734 |  10 |  662.7 |
       Dungeon |   6627 |   6444 |    183 |    255 |   4734 |  10 |  662.7 |
               +--------+--------+--------+--------+--------+-----+--------+

Top non-repeatable levels by time:
     D:9: 837 daAuts
     D:1: 819 daAuts
     D:6: 806 daAuts
     D:7: 803 daAuts
     D:3: 778 daAuts
     D:8: 705 daAuts
     D:5: 699 daAuts
     D:4: 685 daAuts
     D:2: 429 daAuts
    D:10: 62 daAuts
